 Dungeon Crawl Stone Soup version 0.23-a0-625-g1d2cd9b (webtiles) character file.

46 Leeroy the Charmwright (level 3, -4/29 HPs)
             Began as a Barachi Skald on Dec 25, 2018.
             Shot with a stone by a goblin (5 damage)
             ... on level 2 of the Dungeon.
             The game lasted 00:02:34 (760 turns).

Leeroy the Charmwright (Barachi Skald)               Turns: 760, Time: 00:02:35

Health: -4/29      AC:  3    Str: 12    XL:     3   Next: 66%
Magic:  5/6        EV: 12    Int: 14    God:
Gold:   10         SH:  0    Dex: 11    Spells: 3/6 levels left

rFire    . . .     SeeInvis .   a - +0 falchion
rCold    . . .     Gourm    .   (no shield)
rNeg     . . .     Faith    .   b - +0 leather armour
rPois    .         Spirit   .   (no helmet)
rElec    .         Reflect  .   (no cloak)
rCorr    .         Harm     .   (no gloves)
MR       .....                  (no boots)
Stlth    +.........             (no amulet)
HPRegen  0.09/turn              (no ring)
MPRegen  0.10/turn              (no ring)

@: slow
A: +LOS, swims, slowness 1, strong legs 1
a: Hop


You were on level 2 of the Dungeon.
You were not hungry.

You visited 1 branch of the dungeon, and saw 2 of its levels.

You collected 10 gold pieces.

Inventory:

Hand Weapons
 a - a +0 falchion (weapon)
 i - a +0 dagger
 j - a +0 hunting sling
Missiles
 c - 36 arrows
 k - a throwing net (quivered)
 m - 45 stones
Armour
 b - a +0 leather armour (worn)
 h - a +0 ring mail
Scrolls
 f - a scroll of fog {unknown}
 l - a scroll of blinking {unknown}
 o - 2 scrolls of identify {unknown}
Potions
 e - 2 potions of agility {unknown}
 n - a potion of curing {unknown}
Comestibles
 d - a ration
 g - 2 chunks of flesh


   Skills:
 + Level 3.1 Fighting
 + Level 3.4 Long Blades
 + Level 1.6 Armour
 - Level 2.3 Dodging
 + Level 0.2 Stealth
 - Level 2.3 Spellcasting
 + Level 3.6 Charms


You had 3 spell levels left.
You knew the following spells:

 Your Spells              Type           Power        Failure   Level  Hunger
a - Infusion              Chrm           ##..         7%          1    #......
b - Shroud of Golubria    Chrm/Tloc      #.........   22%         2    ###....

Your spell library contained the following spells:

 Spells                   Type           Power        Failure   Level  Hunger
 Song of Slaying          Chrm           ##......     10%         2    ###....
 Regeneration             Chrm/Necr      #.........   38%         3    ###....
 Spectral Weapon          Hex/Chrm       #.......     38%         3    ###....


Dungeon Overview and Level Annotations

Branches:
Dungeon (2/15)

Altars:


Innate Abilities, Weirdness & Mutations

Shadows flee at your approach. (+LOS)
You can swim through water.
You cover ground slowly.
You can hop short distances.


Message History

* * * LOW HITPOINT WARNING * * *
The leopard gecko closely misses you.
You riposte.
You hit the leopard gecko.
The leopard gecko is lightly wounded.
You closely miss the leopard gecko.
The leopard gecko is lightly wounded.
The leopard gecko misses you.
You riposte.
You hit the leopard gecko but do no damage.
The leopard gecko is lightly wounded.
You miss the leopard gecko.
The leopard gecko is lightly wounded.
The leopard gecko closely misses you.
You closely miss the leopard gecko.
The leopard gecko is lightly wounded.
The leopard gecko barely misses you. The leopard gecko closely misses you.
You hit the leopard gecko.
You kill the leopard gecko!
A goblin comes into view. It is wielding a +0 dagger.
The goblin unwields a +0 dagger.
The goblin wields a +0 hunting sling.
The goblin shoots a stone.
The stone hits you.
You die...

..####.###.###.#
.......#.....#.#
#.######.#.#.#.#######
#.# #...#.#.#.......#
#.# #.###.....#####.#
#.####.###.#.........#
#>.......#.###.####..#
#..###.#.### #.####
#..#...>.# #..@.#
#......### ####†#
........# #.?...g....#
#...#.#.# #..........+
......#.# #$.........#
........# #........).#
....##### #...(......#
....# #..........#
....# #).........#


You could see a goblin.

Vanquished Creatures
  An adder (D:2)
  An adder skeleton (D:2)
  A worm (D:2)
  A dart slug (D:2)
  4 leopard geckos
  5 bats (D:1)
  4 goblins
  4 hobgoblins (D:1)
  4 rats
25 creatures vanquished.

Notes
Turn   | Place    | Note
-------+----------+-------------------------------------------
     0 | D:1      | Leeroy the Barachi Skald began the quest for the Orb.
     0 | D:1      | Reached XP level 1. HP: 17/17 MP: 3/3
   112 | D:1      | Reached XP level 2. HP: 19/23 MP: 5/5
   390 | D:1      | HP: 1/23 [leopard gecko (2)]
   431 | D:1      | Learned a level 2 spell: Shroud of Golubria
   672 | D:2      | Reached XP level 3. HP: 28/28 MP: 6/6
   755 | D:2      | HP: 1/29 [leopard gecko (5)]
   760 | D:2      | Shot with a stone by a goblin

Vault maps used:
D:1:      zelgadis_glass_arrival_small, minmay_misc_feat_pillars,
          grunt_decor_one_mirror

Skill      XL: |  1  2  3 |
---------------+----------+-----
Long Blades    | 3 |  3.4
Fighting       | 3 |  3.1
Armour         | |  1.6
Dodging        | |  2.3
Stealth        | |  0.2
Spellcasting   | |  2.3
Charms         | |  3.6

Action                   || total
-------------------------++-------
Melee: Falchion          ||    93
 Cast: Shroud of Golubri ||     1
       Infusion          ||     1
Armor: Leather armour    ||    30
Dodge: Dodged            ||    84
       Rpst.: Falchion   ||    21

Table legend:
 A = Non-vault XP
 B = Vault XP
 C = Vault XP percentage of total XP
 D = Non-vault monster count
 E = Vault monster count
 F = Vault count percentage of total count
                 A         B        C        D         E       F
            +---------+---------+-------+---------+---------+-------
      Total |      66 |       0 |   0.0 |      25 |       0 |   0.0
            +---------+---------+-------+---------+---------+-------
        D:1 |      30 |       0 |   0.0 |      17 |       0 |   0.0
        D:2 |      36 |       0 |   0.0 |       8 |       0 |   0.0
            +---------+---------+-------+---------+---------+-------
